 Dungeon Crawl Stone Soup version 0.30.1-9-gdf580d7c3d (webtiles) character file.

Game seed: 9409068438687116295

62290 Buhu the Warrior (level 14, -5/143 HPs)
             Began as a Minotaur Berserker on Oct 15, 2023.
             Was a High Priest of Trog.
             Splashed by a goliath frog's acid (8 damage)
             ... on level 1 of the Swamp on Oct 18, 2023.
             The game lasted 02:35:20 (21800 turns).

Buhu the Warrior (Minotaur Berserker)              Turns: 21800, Time: 02:35:20

Health: -5/143     AC: 15    Str: 26    XL:     14   Next: 63%
Magic:  13/13      EV: 11    Int:  4    God:    Trog [*****.]
Gold:   1666       SH: 11    Dex: 11    Spells: 13/13 levels left

rFire   . . .        j - +10 morningstar "Eos" {elec, Halo rElec}
rCold   . . .        A - +0 kite shield
rNeg    . . .        B - +6 chain mail {Will+}
rPois   +            (helmet restricted)
rElec   +            (no cloak)
rCorr   .            d - +1 pair of gloves
SInv    .            w - +0 pair of boots
Will    ++...        F - amulet of faith Stlth
                     f - ring of poison resistance
HPRegen 0.43/turn    (no ring)
MPRegen 0.13/turn

%: faith
@: corroded, on berserk cooldown, slowed, glowing, studying 2 skills, very slow
A: horns 2, retaliatory headbutt
a: Renounce Religion, Berserk, Trog's Hand, Brothers in Arms


You were on level 1 of the Swamp.
You worshipped Trog.
Trog was extremely pleased with you.
You visited 3 branches of the dungeon, and saw 17 of its levels.

You collected 1666 gold pieces.

Inventory:

Hand Weapons
 j - the +10 morningstar "Eos" (weapon) {elec, Halo rElec}
   (You acquired it on level 4 of the Lair of Beasts)

   Halo:      It grants its wielder a halo, revealing invisible creatures and
   increasing accuracy against all within it other than the wielder.
   rElec:     It insulates you from electricity.
 l - a +4 eveningstar of flaming
 o - a +4 flail of freezing
 t - a +7 mace of protection
 J - a +3 dire flail of flaming
 Z - a +2 falchion of holy wrath
Missiles
 c - 15 boomerangs
 p - 50 poisoned darts (quivered)
 v - 6 javelins
 T - a throwing net
Armour
 d - a +1 pair of gloves (worn)
 w - a +0 pair of boots (worn)
 y - +0 acid dragon scales
 A - a +0 kite shield (worn)
 B - a +6 chain mail of willpower (worn)
 N - a +0 crystal plate armour
 U - +0 acid dragon scales
 X - the +3 leather armour of Cour {-Cast +Blink rC++ Dex-3}
   (You found it on level 1 of the Swamp)

   Dex:       It affects your dexterity (-3).
   rC:        It greatly protects you from cold.
   +Blink:    It lets you blink.
   -Cast:     It prevents spellcasting.
Jewellery
 f - a ring of poison resistance (left hand)
 E - a ring of ice
 F - an amulet of faith (around neck)
 L - a ring of fire
 V - a ring of protection from cold
 Y - a ring of magical power
Wands
 e - a wand of polymorph (4)
 s - a wand of mindburst (17)
 G - a wand of roots (16)
 S - a wand of flame (4)
 W - a wand of charming (9)
Scrolls
 g - 3 scrolls of teleportation
 k - 2 scrolls of blinking
 q - a scroll of immolation {unknown}
 r - a scroll of brand weapon {unknown}
 x - a scroll of fog
 D - a scroll of summoning {unknown}
 M - a scroll of magic mapping
 O - a scroll of poison
 Q - 2 scrolls of identify
Potions
 a - 2 potions of might
 b - 3 potions of curing
 i - 2 potions of cancellation
 m - 2 potions of mutation
 n - 4 potions of ambrosia
 u - 2 potions of berserk rage
 z - 5 potions of attraction
 C - 2 potions of resistance
 I - 2 potions of lignification
 K - 2 potions of haste
 P - 2 potions of flight
Miscellaneous
 H - a phantom mirror
 R - a lightning rod (4/4)


   Skills:
 + Level 18.1 Fighting
 + Level 17.1 Maces & Flails
 + Level 2.6 Throwing
 + Level 15.1 Armour
 + Level 8.4 Dodging
 + Level 2.7 Stealth
 + Level 11.7 Shields
 + Level 1.5 Evocations


You had 13 spell levels left.
You didn't know any spells.
Your spell library contained the following spells:

 Spells                   Type           Power      Damage    Failure   Level
 Hailstorm                Conj/Ice       0%         3d3       100%        3
 Portal Projectile        Hex/Tloc       0%         N/A       100%        3
 Tukima's Dance           Hex            0%         N/A       100%        3
 Ice Form                 Ice/Tmut       0%         N/A       100%        4
 Blade Hands              Tmut           0%         N/A       100%        5
 Simulacrum               Ice/Necr       0%         N/A       100%        6


Dungeon Overview and Level Annotations

Branches:
Dungeon (11/15)            Temple (0/1) D:7            Lair (5/5) D:11
  Swamp (1/4) Lair:2        Snake (0/4) Lair:2        Slime (0/5) Lair:5
    Orc (0/2) D:10

Altars:
Cheibriados
Dithmenos
Elyvilon
Makhleb
Qazlal
Ru
Trog
Jiyva

Shops:
D:8 [

Annotations:
Lair:1 1 runed translucent door, Kabixx's ghost, journeyman DsFE
Lair:2 3 runed translucent doors, CrazyBamboolord's ghost, journeyman OgFi
Lair:5 1 runed translucent door


Innate Abilities, Weirdness & Mutations

You have a pair of horns on your head.
You reflexively headbutt those who attack you in melee.


Message History

A goliath frog is nearby!
Press: ? - help, v - describe, . - travel
Here: a goliath frog (wandering, hasn't noticed you) Some shallow water.
You block the goliath frog's attack. The goliath frog hits you from afar!
The acid corrodes you!
You are splashed with acid!
The goliath frog hits you from afar.
You are splashed with acid!
The goliath frog hits you but does no damage.
You block the goliath frog's attack.
You feel better.
The goliath frog hits you but does no damage.
The goliath frog hits you from afar!
You are splashed with acid!
A swamp drake comes into view.
The swamp drake roars!
The goliath frog barely misses you. You furiously retaliate!
You headbutt the goliath frog! The goliath frog misses you.
You furiously retaliate!
You headbutt the goliath frog! You hit the goliath frog.
Lightning courses through the goliath frog!
You headbutt the goliath frog, but do no damage.
The goliath frog is severely wounded.
The goliath frog hits you.
* * * LOW HITPOINT WARNING * * *
The acid corrodes you!
You are splashed with acid!
* * * LOW HITPOINT WARNING * * *
Blink to where?
Press: ? - help, Dir - move target Splash!
You fall into the shallow water.
Moving in this stuff is going to be slow.
As you read the scroll of blinking, it crumbles to dust.
You block the goliath frog's attack. The goliath frog hits you from afar!
* * * LOW HITPOINT WARNING * * *
You are splashed with acid!
* * * LOW HITPOINT WARNING * * *
Your troll goes berserk!
The goliath frog hits you!
* * * LOW HITPOINT WARNING * * *
You are splashed with acid!
You die...

♣♣§.~..~♣ .~
♣♣♣....♣..≈≈≈~~~
♣~~~~..♣.≈≈≈≈≈≈ ♣
♣♣.~§..♣ .≈≈≈~♣♣♣♣ ≈≈
♣..~§.♣ ..♣~~~.♣♣♣♣
♣♣♣...~.♣ ♣♣~..~~~~♣♣♣
♣§.~.T.♣♣♣♣~.~~~§..~.~
♣.~[).♣♣♣....~~~~..~~♣
♣♣.).@♣~.~~~.~)~~.~~.
♣♣.F♣♣~~~~~.~~~~~~~.
♣♣.~F.~~~k.§~~§~~~~
♣~.~~........~~~~~
♣~~..~♣♣~~...~~~~~
♣♣♣♣♣♣♣♣♣♣♣♣..k~~~
♣..~~. ♣♣♣.. ♣


You could see a goliath frog (ally target) and a friendly troll (summoned,
berserk).

Vanquished Creatures
  Nikola (Swamp:1)
  An eleionoma (Swamp:1)
  A fire dragon (Lair:5)
  A catoblepas (Lair:1)
  A ghost crab (Swamp:1)
  5 hydras
  A spriggan air mage (Swamp:1)
  2 alligators (Swamp:1)
  A two-headed ogre (D:11)
  5 death yaks (Lair:4)
  A boulder beetle (D:11)
  A spriggan berserker (Swamp:1)
  A skyshark (Lair:5)
  Lodul (D:11)
  A lindwurm (Lair:5)
  A swamp dragon (Lair:5)
  Pikel (D:6)
  A will-o-the-wisp (Lair:2)
  A wolf spider (Lair:5)
  25 elephants
  10 black mambas
  A torpor snail (Lair:4)
  A guardian serpent (Lair:5)
  15 cane toads
  A gargoyle (D:11)
  3 rime drakes
  A yaktaur (D:11)
  11 komodo dragons
  7 polar bears
  A tyrant leech (Swamp:1)
  3 hornets
  A shadow (D:11)
  2 spriggans
  19 wyverns
  2 wraiths
  43 yaks
  4 slime creatures (D:10)
  3 basilisks (Lair:5)
  3 steam dragons
  5 redbacks (Lair:5)
  4 vampire mosquitoes (D:10)
  3 nagas (Lair:2)
  3 acid dragons
  Edmund (D:5)
  20 water moccasins
  4 ice beasts
  4 sky beasts
  3 swamp drakes (Lair:5)
  7 black bears
  8 ogres
  3 wolves (Lair:2)
  6 centaurs
  4 kobold brigands
  The ghost of kalagan the Conjurer, an amateur DECj (D:3)
  9 bullfrogs
  3 scorpions
  A necrophage (D:3)
  2 gnoll sergeants
  8 wights (D:9)
  A wyvern zombie (D:3)
  13 killer bees
  An electric eel (D:11)
  2 hounds
  4 jellies
  A centaur skeleton (D:3)
  An orc priest (D:7)
  A bullfrog skeleton (D:3)
  A sleepcap (D:7)
  A gnoll bouda (D:10)
  8 orc wizards
  4 iguanas (Lair:5)
  17 gnolls
  7 adders
  3 shadow imps
  5 white imps
  An ufetubus (D:4)
  A worm zombie (D:8)
  4 worms
  3 dart slugs
  34 orcs
  7 ball pythons
  8 endoplasms
  5 giant cockroaches
  13 goblins
  6 hobgoblins
  4 jackals (D:2)
  7 quokkas
  2 bats (D:1)
  6 frilled lizards
  28 kobolds
  3 rats
485 creatures vanquished.

Vanquished Creatures (collateral kills)
  An unseen horror (D:10)
  A vampire (D:10)
  A yak (Lair:1)
  A centaur (D:10)
  An electric eel (D:11)
  A gnoll (D:10)
6 creatures vanquished.

Vanquished Creatures (others)
  A swamp worm (Swamp:1)
  6 foxfires (Lair:2)
7 creatures vanquished.

Grand Total: 498 creatures vanquished

Notes
Turn   | Place    | Note
-------+----------+-------------------------------------------
     0 | D:1      | Buhu the Minotaur Berserker began the quest for the Orb.
     0 | D:1      | Reached XP level 1. HP: 19/19 MP: 0/0
   359 | D:1      | Reached XP level 2. HP: 26/27 MP: 1/1
   409 | D:1      | Reached skill level 4 in Fighting
   537 | D:1      | Reached XP level 3. HP: 33/33 MP: 2/2
   968 | D:2      | Reached ** piety under Trog
  1262 | D:2      | Reached XP level 4. HP: 41/41 MP: 3/3
  1284 | D:2      | Found a faded altar of an unknown god.
  1631 | D:3      | Found a snail-covered altar of Cheibriados.
  1635 | D:3      | Reached skill level 5 in Maces & Flails
  1825 | D:3      | Noticed an ogre
  1836 | D:3      | Killed an ogre
  1837 | D:3      | Reached XP level 5. HP: 46/47 MP: 4/4
  1977 | D:3      | Found a transporter.
  1981 | D:3      | Found a transporter.
  1982 | D:3      | Noticed kalagan's ghost (amateur DECj)
  2229 | D:3      | Killed kalagan's ghost
  2230 | D:3      | Reached skill level 5 in Fighting
  2230 | D:3      | Reached XP level 6. HP: 47/56 MP: 5/5
  2285 | D:3      | Reached *** piety under Trog
  2286 | D:3      | Reached skill level 1 in Throwing
  3071 | D:4      | Reached XP level 7. HP: 51/61 MP: 6/6
  4162 | D:5      | Entered Level 5 of the Dungeon
  4220 | D:4      | Reached skill level 5 in Armour
  4473 | D:5      | Noticed Edmund
  4490 | D:5      | Killed Edmund
  4491 | D:5      | Reached skill level 6 in Fighting
  4749 | D:5      | Reached **** piety under Trog
  4757 | D:5      | Reached XP level 8. HP: 64/71 MP: 7/7
  5540 | D:6      | Found a stormy altar of Qazlal.
  5882 | D:6      | Reached skill level 7 in Fighting
  5922 | D:6      | Noticed Pikel
  5946 | D:6      | Killed Pikel
  5947 | D:6      | Reached skill level 10 in Maces & Flails
  5947 | D:6      | Reached skill level 1 in Stealth
  5947 | D:6      | Reached XP level 9. HP: 79/79 MP: 8/8
  6326 | D:7      | Found a white marble altar of Elyvilon.
  6640 | D:7      | Found a staircase to the Ecumenical Temple.
  6647 | D:7      | Reached skill level 8 in Fighting
  7371 | D:7      | Reached ***** piety under Trog
  7648 | D:8      | Reached XP level 10. HP: 89/89 MP: 9/9
  7840 | D:8      | Found Xacvo Ally's Antique Armour Shop.
  7884 | D:8      | Found a sand-covered staircase.
  8510 | D:9      | Found a bloodstained altar of Trog.
  8660 | D:9      | Found a sacrificial altar of Ru.
  8761 | D:9      | Found a shadowy altar of Dithmenos.
  8804 | D:9      | Found a burning altar of Makhleb.
  8895 | D:9      | Found a flagged portal.
  9088 | D:9      | Reached skill level 9 in Fighting
  9322 | D:10     | Entered Level 10 of the Dungeon
  9426 | D:10     | Reached skill level 10 in Armour
  9485 | D:10     | Received a gift from Trog
  9652 | D:10     | Found a staircase to the Orcish Mines.
  9776 | D:10     | Reached skill level 5 in Dodging
  9776 | D:10     | Reached XP level 11. HP: 68/99 MP: 10/10
  9922 | D:10     | Reached skill level 1 in Shields
 10351 | D:11     | Noticed Lodul
 10361 | D:11     | Reached skill level 10 in Fighting
 10370 | D:11     | HP: 3/99 [ogre/+0 giant club[Lodul] (11)]
 10371 | D:11     | Noticed a two-headed ogre
 10379 | D:11     | Killed a two-headed ogre
 10650 | D:11     | Noticed a boulder beetle
 10688 | D:11     | Killed a boulder beetle
 11179 | D:11     | Killed Lodul
 11241 | D:11     | Found a staircase to the Lair.
 11481 | Lair:1   | Entered Level 1 of the Lair of Beasts
 12150 | Lair:1   | Reached skill level 11 in Fighting
 12447 | Lair:1   | Reached skill level 5 in Shields
 12460 | Lair:1   | Reached XP level 12. HP: 99/110 MP: 11/11
 13167 | Lair:1   | Noticed a catoblepas
 13193 | Lair:1   | Killed a catoblepas
 13194 | Lair:1   | Reached skill level 15 in Maces & Flails
 13431 | Lair:1   | Found a runed translucent door.
 13432 | Lair:1   | Noticed Kabixx's ghost (journeyman DsFE)
 13771 | Lair:2   | Found a runed translucent gate.
 13771 | Lair:2   | Found a runed translucent gate.
 13771 | Lair:2   | Found a runed translucent gate.
 13981 | Lair:2   | Found a staircase to the Snake Pit.
 14352 | Lair:2   | Found a staircase to the Swamp.
 14823 | Lair:2   | Identified 2 scrolls of acquirement
 14823 | Lair:2   | Acquired a manual of Fighting
 15060 | Lair:2   | Noticed CrazyBamboolord's ghost (journeyman OgFi)
 15457 | Lair:2   | Found a viscous altar of Jiyva.
 15527 | Lair:3   | Reached skill level 12 in Fighting
 15788 | Lair:3   | Found a dark tunnel.
 15949 | Lair:3   | Noticed a five-headed hydra
 15955 | Lair:3   | Killed a five-headed hydra
 16116 | Lair:3   | Received a gift from Trog
 16549 | Lair:4   | Noticed a death yak
 16549 | Lair:4   | Noticed a death yak
 16550 | Lair:4   | Noticed a death yak
 16550 | Lair:4   | Noticed a death yak
 16550 | Lair:4   | Noticed a death yak
 16571 | Lair:4   | Killed a death yak
 16582 | Lair:4   | Killed a death yak
 16590 | Lair:4   | Killed a death yak
 16591 | Lair:4   | Reached skill level 13 in Fighting
 16596 | Lair:4   | Killed a death yak
 16597 | Lair:4   | Reached XP level 13. HP: 75/122 MP: 12/12
 16671 | Lair:4   | Reached skill level 1 in Evocations
 16892 | Lair:4   | Found a burning altar of Makhleb.
 17086 | Lair:4   | Reached skill level 14 in Fighting
 17193 | Lair:4   | You fall into a shaft and drop 1 floor!
 17193 | Lair:5   | Entered Level 5 of the Lair of Beasts
 17500 | Lair:5   | Reached skill level 10 in Shields
 17513 | Lair:5   | Reached skill level 15 in Fighting
 17676 | Lair:5   | Found a viscous altar of Jiyva.
 17676 | Lair:5   | Found a staircase to the Slime Pits.
 17677 | Lair:5   | Found a runed translucent door.
 18947 | Lair:4   | Acquired the +10 morningstar "Eos" {elec, Halo rElec}
 18947 | Lair:4   | Found the +10 morningstar "Eos" {elec, Halo rElec}
 19044 | Lair:5   | Received a gift from Trog
 19158 | Lair:5   | Reached XP level 14. HP: 136/136 MP: 13/13
 19159 | Lair:5   | Reached skill level 16 in Fighting
 19419 | Lair:5   | Found the +9 staff of Olgreb {rPois∞}
 19998 | Lair:5   | Reached skill level 17 in Fighting
 21272 | Swamp:1  | Entered Level 1 of the Swamp
 21285 | Swamp:1  | Identified the +3 leather armour of Cour {-Cast +Blink rC++
                  | Dex-3}
 21516 | Swamp:1  | Reached skill level 15 in Armour
 21554 | Swamp:1  | Reached skill level 18 in Fighting
 21766 | Swamp:1  | Noticed Nikola
 21778 | Swamp:1  | Killed Nikola
 21800 | Swamp:1  | HP: 3/143 [goliath frog (13)]
 21800 | Swamp:1  | Splashed by a goliath frog's acid

Illustrated notes

Levels and vault maps discovered:
D:1:      lightli_arrival_statuegarden, layout_loops_corners
D:2:      layout_rooms, ebering_ecumenical_altar_box
D:3:      layout_basic, kennysheep_slug_shrine, serial_rivers,
          chequers_serial_rivers_large_b, chequers_serial_rivers_small_b,
          chequers_serial_rivers_small_b, chequers_serial_rivers_large_a,
          gammafunk_ghost_mausoleum, interstate_on_off, serial_bayou_pond_d,
          minmay_ogre_servants
D:4:      layout_loops_corners, serial_demonic, serial_demonic_g,
          serial_demonic_a, serial_demonic_b, serial_demonic_a
D:5:      layout_gridville, kennysheep_pointless_box, uniq_edmund
D:6:      layout_basic, lemuel_crystal_altar, kennysheep_decorative_pillar,
          uniq_pikel
D:7:      kennysheep_six_static_rooms, layout_basic,
          nicolae_elyvilon_peaceful_grove, temple_green
D:8:      layout_rooms, serial_shops, shop, enter_ossuary_3
D:9:      layout_irregular_city, lightli_temple_of_fire,
          mainiacjoe_overflow_catch_the_wave, nicolae_ru_sacrificial_ziggurat,
          enter_bailey_6
D:10:     nicolae_BIG_FREAKIN_CUBE, layout_basic, orc_0_dummy
D:11:     layout_basic, uniq_lodul
Lair:1:   beast_lair_carwin_large_2, layout_gridlike,
          ebering_ghost_reflecting_pool
Lair:2:   layout_small_grid, minmay_swamp_entry_wisps,
          minmay_snake_entry_guardpost_small, gammafunk_ghost_ooze,
          grunt_forest_large_clearings
Lair:3:   statuecave_lemuel, layout_gridlike, nicolae_volcano_entry_hallway,
          gammafunk_lair_bear_cave, lemuel_fruit_tree
Lair:4:   layout_cave_shapes, basic_altar, beast_lair_carwin_3,
          infiniplex_staircase_pool
Lair:5:   hangedman_lair_tendril_chambers, layout_regular_city,
          guppyfry_lair_end_dragon, slime_entry_2, nicolae_quartered_pool_super
Swamp:1:  layout_basic_swamp, nicolae_swamp_long_stream, uniq_nikola

Skill      XL: |  1  2  3  4  5  6  7  8  9 10 11 12 13 14 |
---------------+-------------------------------------------+-----
Maces & Flails | 4 5 6 8 10 12 13 14 15 16 17 | 17.1
Fighting       | 4 5 6 7 8 9 11 13 15 18 | 18.1
Armour         | 3 4 5 7 8 10 12 13 14 15 | 15.1
Dodging        | 3 5 6 7 8 |  8.4
Throwing       | 1 2 |  2.6
Stealth        | 1 2 |  2.7
Shields        | 5 8 10 11 | 11.7
Evocations     | 1 |  1.5

Action                     |  1- 3 |  4- 6 |  7- 9 | 10-12 | 13-15 || total
---------------------------+-------+-------+-------+-------+-------++-------
  Melee: Mace              |    78 |   106 |   276 |   719 |   353 ||  1532
         Headbutt          |    12 |    17 |    51 |   187 |   197 ||   464
         Punch             |       |     1 |     5 |       |       ||     6
         Morningstar       |       |       |       |       |   222 ||   222
  Throw: Boomerang         |       |     7 |       |       |       ||     7
         Dart              |       |       |     8 |    13 |       ||    21
         Javelin           |       |       |       |     1 |       ||     1
 Invoke: Trog's Hand       |       |       |     1 |     6 |       ||     7
         Berserk           |       |       |     1 |     2 |     2 ||     5
         Brothers in Arms  |       |       |       |     3 |     1 ||     4
  Evoke: Wand              |       |       |     3 |     5 |     2 ||    10
    Use: Scroll            |       |     4 |     5 |    26 |     5 ||    40
         Potion            |       |       |     2 |     9 |     3 ||    14
   Stab: Sleeping          |     1 |       |       |       |       ||     1
         Distracted        |       |       |       |     1 |       ||     1
 Armour: Animal skin       |    13 |       |       |       |       ||    13
         Chain mail        |    27 |    78 |   182 |   463 |   288 ||  1038
  Dodge: Dodged            |    44 |    61 |   140 |   291 |   219 ||   755
  Block: Kite shield       |       |       |       |   273 |   241 ||   514
